 Dungeon Crawl Stone Soup version 0.32-a0-656-g3542139ebd (webtiles) character file.

Game seed: 15850607203682158346

293 runemasterragnar the Ruffian (level 6, 0/61 HPs)
             Began as an Octopode Shapeshifter on Mar 9, 2024.
             Was an Initiate of Gozag.
             Killed by divine providence
             ... invoked by an orc priest
              (12 damage)
             ... on level 4 of the Dungeon.
             The game lasted 00:03:29 (2664 turns).

runemasterragnar the Ruffian (OpSh)                 Turns: 2664, Time: 00:03:31

Health: 0/61       AC: 27    Str: 16    XL:     6   Next: 33%
Magic:  6/6        EV:  2    Int: 18    God:    Gozag
Gold:   416        SH:  0    Dex: 11    Spells: 5/5 levels left

rFire   . .          .
                       - Unarmed
rCold   . . .        (no shield)
rNeg    . . .        (helmet currently unavailable)
rPois   +            (no amulet)
rElec   .            d - +6 ring of intelligence
rCorr   .            o - +4 ring of protection
SInv    .            (no ring)
Will    .....        (no ring)
Stlth   ++           (no ring)
HPRegen 0.30/turn    (no ring)
MPRegen 0.10/turn    (no ring)
                     (no ring)

%: no passive effects
@: tree-form, gold aura
A: stationary, stasis, torment immunity, boosted hp, almost no armour,
(amphibious), 8 rings, (camouflage 1), (gelatinous body 1), (nimble swimmer 1),
(tentacles)
a: Renounce Religion, Potion Petition, Call Merchant, Bribe Branch


You were on level 4 of the Dungeon.
You worshipped Gozag.
Gozag was aware of your devotion.
You were a tree.
You visited 1 branch of the dungeon, and saw 4 of its levels.

You collected 475 gold pieces.
You spent 30 gold pieces at shops.
You paid 29 gold pieces to Gozag.

Inventory:

Missiles
 j - 12 boomerangs (quivered)
Jewellery
 d - a +6 ring of intelligence (left branch)
 o - a +4 ring of protection (right branch)
Talismans
 b - a beast talisman (active)
 c - a flux talisman
Wands
 r - a wand of flame (27)
Scrolls
 e - a scroll of brand weapon
 f - a scroll of enchant armour
 g - a scroll of enchant weapon {unknown}
 h - a scroll of poison {unknown}
 k - 2 scrolls of revelation
 n - 2 scrolls of fog
 s - a scroll of teleportation
Potions
 i - a potion of cancellation
 l - 3 potions of curing
 m - a potion of mutation
 p - a potion of heal wounds {unknown}
 q - a potion of degeneration {unknown}


   Skills:
 + Level 2.4 Fighting
 + Level 3.0 Dodging
 + Level 2.8 Stealth
 * Level 4.4 Unarmed Combat
 + Level 0.8 Evocations
 * Level 4.1 Shapeshifting


You had 5 spell levels left.
You didn't know any spells.
Your spell library contained the following spells:

 Spells                   Type           Power      Damage    Failure   Level
 Call Imp                 Summ           0%         N/A       32%         2
 Sublimation of Blood     Necr           0%         N/A       32%         2
 Cause Fear               Hex            0%         N/A       91%         4
 Fireball                 Conj/Fire      0%         3d3       99%         5
 Summon Hydra             Summ           0%         N/A       100%        7
 Dragon's Call            Summ           0%         N/A       100%        9


Dungeon Overview and Level Annotations

Branches:
Dungeon (4/15)
 Temple: D:4-7

Altars:
Cheibriados
Gozag
Kikubaaqudgha
Wu Jian

Shops:
D:4 *


Innate Abilities, Weirdness & Mutations

You are a tree.
Your roots penetrate the ground, keeping you stationary.
You cannot be teleported.
You are immune to unholy pain and torment.
Your maximum health is greatly increased.
You cannot wear most types of armour.
((You are amphibious.))
You can wear up to eight rings at the same time.
((Your skin changes colour to match your surroundings (Stealth+).))
((Your rubbery body absorbs attacks. (AC +1, EV +1)))
((You are camouflaged when in or above water. (Stealth+)))
((You have tentacles for arms and can constrict up to eight enemies at once.))


Message History

An orc priest comes into view. It is wielding a +0 whip.
The orc priest misses you.
Unknown command.
You barely miss the iguana.
The orc priest shouts!
You grab the iguana.
You squeeze the iguana, but do no damage.
You constrict the orc priest. You constrict the iguana. The iguana bites you!
* * * LOW HITPOINT WARNING * * *
The orc priest closely misses you.
Your transformation has ended.
You turn into a tree.
Your roots penetrate the ground.
You lose your grip on the iguana.
You lose your grip on the orc priest.
The iguana is distracted by your dazzling golden aura.
The orc priest hits you but does no damage.
Unknown command.
The orc shouts!
You smack the iguana!
You kill the iguana!
The orc priest hits you but does no damage.
Your Dodging skill increases to level 3!
You smack the orc priest!
The orc priest is heavily wounded.
The orc priest hits you but does no damage. x2
You closely miss the orc priest.
The orc priest is heavily wounded.
The orc priest barely misses you.
The orc priest hits you but does no damage.
You smack the orc priest!
You kill the orc priest!
The orc hits you but does no damage.
The orc priest hits you but does no damage.
You hit the orc priest.
The orc priest is heavily wounded.
The orc hits you with a +0 flail.
* * * LOW HITPOINT WARNING * * *
The orc priest calls down the wrath of Beogh upon you.
Beogh smites you!
You die...
Your body crumbles into a pile of gold.

...##..# ...###### ....#..#
#....l... ∩...#### #.###........
....# #............ ...## #.#
..## #.# .# ### #.# ..# ..#
#o####..# ..# #.♣$....### ###
#..o........ #.......#### ##
#.......# .# #.......# .#
#.......# .# ######.......# .#
#....'###....#########
.#########.#####ß##...#.....#.###


You could see an orc priest and an orc.

Vanquished Creatures
  A hound (D:4)
  2 orc priests
  An iguana (D:4)
  An orc wizard (D:3)
  7 adders
  A ribbon worm (D:3)
  3 dart slugs
  3 orcs
  5 endoplasms
  3 giant cockroaches
  7 hobgoblins
  12 jackals
  6 kobolds
  4 quokkas
  2 ball pythons (D:4)
  4 bats
  3 frilled lizards
  7 goblins
  2 rats (D:1)
74 creatures vanquished.

Notes
Turn   | Place    | Note
-------+----------+-------------------------------------------
     0 | D:1      | runemasterragnar the Octopode Shapeshifter began the quest
                  | for the Orb.
     0 | D:1      | Reached XP level 1. HP: 13/13 MP: 1/1
   114 | D:1      | Reached XP level 2. HP: 18/18 MP: 2/2
   289 | D:1      | Reached skill level 1 in Stealth
   406 | D:1      | Reached XP level 3. HP: 23/23 MP: 3/3
   711 | D:2      | Found an opulent altar of Gozag.
   742 | D:2      | Became a worshipper of Gozag Ym Sagoz the Greedy
   972 | D:2      | Reached XP level 4. HP: 29/29 MP: 4/4
  1477 | D:3      | Reached XP level 5. HP: 11/34 MP: 5/5
  1810 | D:3      | Found an ancient bone altar of Kikubaaqudgha.
  1810 | D:3      | Found a snail-covered altar of Cheibriados.
  2417 | D:4      | Found an ornate altar of the Wu Jian Council.
  2451 | D:4      | Found Heunun's General Store.
  2491 | D:4      | Reached XP level 6. HP: 37/39 MP: 6/6
  2571 | D:4      | Bought a scroll of teleportation for 30 gold pieces
  2664 | D:4      | Killed from afar by an orc priest

Illustrated notes

Levels and vault maps discovered:
D:1:      amcnicky_arrival_underground_garden, layout_loops_ring
D:2:      layout_rooms, basic_altar
D:3:      layout_loops_corners, nicolae_overflow_two_pavilions,
          grunt_ministairs_1
D:4:      minmay_chambers_of_fours, layout_basic, nzn_wu_jian_council_hall,
          kennysheep_windowed_goal

Skill      XL: |  1  2  3  4  5  6 |
---------------+-------------------+-----
Stealth        | 1 2 |  2.8
Fighting       | 2 |  2.4
Unarmed Combat | 4 |  4.4
Shapeshifting  | 4 |  4.1
Dodging        | 3 |  3.0
Evocations     | |  0.8

Action                     |  1- 3 |  4- 6 || total
---------------------------+-------+-------++-------
  Melee: Unarmed           |    58 |    72 ||   130
         Constrict         |    18 |    22 ||    40
         Tentacles         |    13 |    11 ||    24
         Punch             |     1 |     3 ||     4
    Use: Scroll            |       |     7 ||     7
         Potion            |       |     3 ||     3
   Stab: Sleeping          |     4 |     7 ||    11
         Distracted        |       |     1 ||     1
 Armour: Skin              |    16 |    37 ||    53
  Dodge: Dodged            |    38 |    26 ||    64

Table legend: (Time is in decaauts)
 A = Elapsed time spent in this place.
 B = Non-inter-level travel time spent in this place.
 C = Inter-level travel time spent in this place.
 D = Time resting spent in this place.
 E = Time spent auto-exploring this place.
 F = Levels seen in this place.
 G = Mean time per level.
                   A        B        C        D        E       F      G
               +--------+--------+--------+--------+--------+-----+--------+
         Total |   2653 |   2581 |     72 |    210 |   1939 |   4 |  663.2 |
       Dungeon |   2653 |   2581 |     72 |    210 |   1939 |   4 |  663.2 |
               +--------+--------+--------+--------+--------+-----+--------+

Top non-repeatable levels by time:
     D:3: 1121 daAuts
     D:1: 625 daAuts
     D:2: 466 daAuts
     D:4: 441 daAuts
